 Dungeon Crawl Stone Soup version 0.27-a0-1184-ge86db4a01e (webtiles) character file.

Game seed: 10472289028184389390

95 freelancePsychic the Distorting Demonspawn (level 4, -5/37 HPs)
             Began as a Demonspawn Abyssal Knight on May 18, 2021.
             Was a Believer of Lugonu.
             Slain by a gnoll
             ... wielding a +0 flail
              (6 damage)
             ... on level 2 of the Dungeon.
             The game lasted 00:06:12 (3115 turns).

freelancePsychic the Distorting Demonspawn (DsAK)   Turns: 3115, Time: 00:06:13

Health: -5/37      AC:  5    Str: 12    XL:     4   Next: 40%
Magic:  6/6        EV: 10    Int: 15    God:    Lugonu [**....]
Gold:   131        SH:  0    Dex: 12    Spells: 3/3 levels left

rFire    . . .     SeeInvis .   n - +0 flail
rCold    . . .     Faith    .   (no shield)
rNeg     . . .     Spirit   .   c - +0 ring mail
rPois    .         Reflect  .   (no helmet)
rElec    .         Harm     .   (no cloak)
rCorr    .         Rampage  .   (no gloves)
Will     .....                  (no boots)
Stlth    +.........             (no amulet)
HPRegen  0.12/turn              (no ring)
MPRegen  0.10/turn              (no ring)

@: no status effects
A: talons 1, foul stench 1, powered by death 1
a: Renounce Religion, Depart the Abyss, Bend Space


You were on level 2 of the Dungeon.
You worshipped Lugonu.
Lugonu was pleased with you.
You visited 1 branch of the dungeon, and saw 3 of its levels.
You visited the Abyss 1 time.

You collected 131 gold pieces.

Inventory:

Hand Weapons
 a - a +1 mace
 e - a +0 whip of pain
 n - a +0 flail (weapon)
Armour
 b - a +0 leather armour
 c - a +0 ring mail (worn)
Jewellery
 g - a ring of protection from fire
Scrolls
 d - a scroll of identify {@r1}
 f - a scroll of amnesia
 j - 2 scrolls of magic mapping {unknown}
 k - 2 scrolls of noise {unknown}
 o - a scroll of teleportation {unknown}
Potions
 h - a potion of haste {unknown}
 i - a potion of attraction {unknown}
 l - a potion of flight
 m - a potion of berserk rage {unknown}
 p - a potion of lignification {unknown}


   Skills:
 + Level 3.9 Fighting
 + Level 2.8 Maces & Flails
 - Level 1.7 Armour
 - Level 0.8 Dodging
 + Level 3.9 Invocations


You had 3 spell levels left.
You didn't know any spells.
Your spell library contained the following spells:

 Spells                   Type           Power      Damage    Failure   Level
 Animate Skeleton         Necr           0%         N/A       52%         1
 Apportation              Tloc           0%         N/A       52%         1
 Corona                   Hex            0%         N/A       52%         1
 Magic Dart               Conj           0%         1d3       52%         1
 Summon Small Mammal      Summ           0%         N/A       52%         1
 Blink                    Tloc           N/A        N/A       65%         2
 Call Imp                 Summ           0%         N/A       65%         2
 Slow                     Hex            0%         N/A       65%         2
 Conjure Flame            Conj/Fire      0%         6-21      87%         3
 Mephitic Cloud           Conj/Pois/Air  0%         N/A       87%         3


Dungeon Overview and Level Annotations

Branches:
Dungeon (3/15)

Altars:
Dithmenos
Zin


Innate Abilities, Weirdness & Mutations

You have sharp toenails.
You may rarely emit foul miasma when damaged in melee.
You regenerate a little health from kills.


Message History

You are too injured to fight recklessly!
You are too injured to fight recklessly!
You are too injured to fight recklessly!
You are too injured to fight recklessly!
You are too injured to fight recklessly!
You are too injured to fight recklessly!
A gnoll comes into view. It is wielding a +0 flail.
The adder closely misses you. The adder bites you but does no damage.
You closely miss the adder. The adder completely misses you.
The adder closely misses you.
You barely miss the adder. The adder misses you.
You closely miss the adder. You claw the adder, but do no damage.
The adder bites you but does no damage. The adder closely misses you.
You closely miss the adder. The adder misses you.
A gnoll comes into view. It is wielding a +0 club.
The gnoll shouts!
You sock the adder!
The adder is severely wounded.
The adder completely misses you. The adder bites you.
You hit the adder.
You kill the adder!
Lugonu accepts your kill.
You closely miss the kobold. Your kick misses the kobold.
The kobold hits you with a +0 short sword. x2
You barely miss the kobold. The kobold barely misses you.
You hit the kobold.
You kill the kobold!
Lugonu accepts your kill.
You hit the gnoll.
The gnoll is heavily wounded.
Your ring mail prevents you from hitting the gnoll.
You claw the gnoll.
The gnoll is almost dead.
The gnoll hits you with a +0 flail!
You barely miss the gnoll.
The gnoll is almost dead.
The gnoll hits you with a +0 flail!
* * * LOW HITPOINT WARNING * * *
The gnoll hits you with a +0 flail.
You die...

.#
#..###'#...#.......######
.#
#..###.###.#...##.......#
.######...##.#
#.#...##.......#
.#.........#.#
#.#...##.......#
≈..≈≈≈..≈≈##.#
#.#...##.......#
≈.≈.≈....≈.#.#
#.#...##.........
≈≈≈≈≈≈≈≈.≈.#.#
#.#...##.......##
≈≈≈≈≈≈≈≈.....#
#.#..........♣...
≈≈≈≈≈≈≈≈≈≈...#
#@#.........P≈≈≈P
≈≈.♣≈≈≈≈..#..###g#.......
≈≈♣_.≈≈≈≈≈##>...gg.......
≈≈♣≈♣≈≈≈≈ #.###.#.......
≈≈≈≈≈ #.#....... ≈≈≈≈
#.#....... #.#.......
#......... #......###


You could see 3 gnolls.

Vanquished Creatures
  4 adders
  2 dart slugs
  2 orcs
  2 endoplasms
  7 giant cockroaches
  4 goblins
  5 hobgoblins
  8 kobolds
  2 quokkas
  4 ball pythons
  4 bats
  2 frilled lizards
  7 rats
53 creatures vanquished.

Notes
Turn   | Place    | Note
-------+----------+-------------------------------------------
     0 | Abyss:1  | freelancePsychic the Demonspawn Abyssal Knight began the
                  | quest for the Orb.
     0 | Abyss:1  | Reached XP level 1. HP: 18/18 MP: 2/2
    24 | Abyss:1  | Noticed a raiju
    24 | Abyss:1  | Noticed a raiju
    24 | Abyss:1  | Noticed a raiju
    25 | D:1      | Escaped the Abyss
   157 | D:1      | Reached * piety under Lugonu
   413 | D:1      | Gained mutation: You may rarely emit foul miasma when
                  | damaged in melee. [demonic ancestry]
   413 | D:1      | Reached XP level 2. HP: 24/24 MP: 4/4
  1174 | D:2      | Gained mutation: You have sharp toenails. [demonic
                  | ancestry]
  1174 | D:2      | Reached XP level 3. HP: 25/29 MP: 5/5
  1242 | D:2      | Found a faded altar of an unknown god.
  2220 | D:3      | Found a shadowy altar of Dithmenos.
  2320 | D:3      | Gained mutation: You regenerate a little health from kills.
                  | [demonic ancestry]
  2320 | D:3      | Reached XP level 4. HP: 37/37 MP: 6/6
  3047 | D:2      | Reached ** piety under Lugonu
  3115 | D:2      | HP: 1/37 [gnoll/+0 flail (12)]
  3115 | D:2      | Slain by a gnoll

Illustrated notes

Levels and vault maps discovered:
D:1:      minmay_arrival_four_houses, layout_basic, minmay_domino_2
D:2:      layout_basic, chequers_ecumenical_altar_island, serial_bayou_pond_b,
          minmay_ruptured
D:3:      layout_rooms, marbit_many_paths, zin_statuary, grunt_decor_resistance,
          moated_statue

Skill      XL: |  1  2 |
---------------+-------+-----
Maces & Flails | 2 |  2.8
Invocations    | 3 |  3.9
Fighting       | |  3.9
Armour         | |  1.7
Dodging        | |  0.8

Action                   |  1- 3 |  4- 6 || total
-------------------------+-------+-------++-------
Melee: Mace              |    78 |    25 ||   103
       Whip              |    57 |       ||    57
       Kick              |     6 |     7 ||    13
       Flail             |       |    26 ||    26
Invok: Depart the Abyss  |     1 |       ||     1
  Use: Potion            |     1 |       ||     1
       Scroll            |     1 |       ||     1
Armor: Leather armour    |     6 |       ||     6
       Ring mail         |    43 |    18 ||    61
Dodge: Dodged            |    95 |    35 ||   130

Table legend: (Time is in decaauts)
 A = Elapsed time spent in this place.
 B = Non-inter-level travel time spent in this place.
 C = Inter-level travel time spent in this place.
 D = Time resting spent in this place.
 E = Time spent auto-exploring this place.
 F = Levels seen in this place.
 G = Mean time per level.
                   A        B        C        D        E       F      G
               +--------+--------+--------+--------+--------+-----+--------+
         Total |   3150 |   3138 |     12 |   1067 |   1462 |   4 |  787.5 |
       Dungeon |   3125 |   3113 |     12 |   1067 |   1438 |   3 | 1041.7 |
         Abyss |     25 |     25 |      0 |      0 |     24 |   1 |   25.0 |
               +--------+--------+--------+--------+--------+-----+--------+

Top non-repeatable levels by time:
     D:3: 1113 daAuts
     D:2: 1068 daAuts
     D:1: 943 daAuts
 Abyss:1: 25 daAuts
